 Dungeon Crawl Stone Soup version 0.18.1-6-gd335043 (webtiles) character file.

65 M4edhros the Grave Robber (level 4, -1/27 HPs)
             Began as an Octopode Necromancer on May 20, 2016.
             Was a Believer of the Shining One.
             Slain by a human zombie (7 damage)
             ... in an ossuary.
             The game lasted 00:04:29 (744 turns).

M4edhros the Grave Robber (Octopode Necromancer)     Turns: 744, Time: 00:04:30

Health: -1/27      AC:  1    Str:  7    XL:     4   Next: 14%
Magic:  4/7        EV: 12    Int: 17    God:    the Shining One [**....]
Gold:   143        SH:  6    Dex: 13    Spells: 1 memorised, 6 levels left

rFire  . . .     SeeInvis .       - Unarmed
rCold  . . .     Gourm    .     (no shield)
rNeg   + . .     Faith    .     (helmet restricted)
rPois  .         Spirit   .     (no amulet)
rElec  .         Dismiss  .     (no ring)
rCorr  .         Reflect  .     (no ring)
SustAt .         Harm     .     (no ring)
MR     .....                    (no ring)
Stlth  ++........               (no ring)
                                (no ring)
                                (no ring)
                                (no ring)

@: divine shield, glowing, not resistant to hostile enchantments, unstealthy
A: almost no armour, amphibious, 8 rings, constrict 8, camouflage 1, gelatinous
body 1
a: Divine Shield, Renounce Religion


You were in an ossuary.
You worshipped the Shining One.
The Shining One was pleased with you.
You were not hungry.

You visited 1 branch of the dungeon, and saw 4 of its levels.
You also visited: Ossuary.

You collected 143 gold pieces.

Inventory:

Hand Weapons
 n - a +0 hunting sling
Missiles
 h - 8 javelins (quivered)
 p - 58 stones
Scrolls
 f - 7 scrolls of identify {unknown}
 i - a scroll of teleportation {unknown}
 q - 3 scrolls of remove curse {unknown}
Potions
 e - a potion of cure mutation {unknown}
 g - a potion of cancellation {unknown}
 j - a potion of brilliance {unknown}
 k - 2 potions of flight {unknown}
 l - a potion of heal wounds {unknown}
 m - a potion of berserk rage {unknown}
 o - 2 potions of curing {unknown}
Books
 a - a book of Necromancy

   Spells                             Type                      Level
   a - Pain                           Necromancy                   1
   b - Animate Skeleton               Necromancy                   1
   c - Vampiric Draining              Necromancy                   3
   d - Regeneration                   Charms/Necromancy            3
   e - Animate Dead                   Necromancy                   4
   f - Control Undead                 Necromancy                   4
   The Shining One disapproves of the use of such an item.
Comestibles
 b - a bread ration
 c - 3 meat rations


   Skills:
 - Level 2.0 Dodging
 - Level 2.6 Stealth
 + Level 3.6 Unarmed Combat
 - Level 2.0 Spellcasting
 - Level 4.0 Necromancy


You had 6 spell levels left.
You knew the following spells:

 Your Spells              Type           Power        Failure   Level  Hunger
a - Pain                  Necr           ###.         3%          1    #......


Dungeon Overview and Level Annotations

Branches:
Dungeon (4/15)
 Temple: D:4-7

Altars:
The Shining One

Annotations:
D:3 Terence


Innate Abilities, Weirdness & Mutations

You cannot wear most types of armour.
You are amphibious.
You can wear up to eight rings at the same time.
You can use your tentacles to constrict eight enemies at once.
Your skin changes colour to match your surroundings (Stealth).
Your rubbery body absorbs attacks (AC +1).


Message History

The kobold zombie misses you.
You tentacle-slap the kobold zombie. You squeeze the kobold zombie.
You constrict the kobold zombie.
You tentacle-slap the human zombie but do no damage.
Your grab misses the human zombie. You constrict the kobold zombie.
You destroy the kobold zombie!
The Shining One accepts your kill. The human zombie misses you.
Okay, then.
You fail to use your ability.
The adder zombie bites you. The adder zombie closely misses you.
All of the chunks of flesh in your inventory have rotted away.
A mummy comes into view.
A divine shield forms around you!
You feel slightly more hungry. The adder zombie bites you.
You tentacle-slap the adder zombie. You grab the adder zombie.
You constrict the adder zombie. The adder zombie bites you.
* * * LOW HITPOINT WARNING * * *
The human zombie hits you!
You die...

#...................
......................
......................
..##...............#
..##...............##.
.........Z............M
.......Z...............
#.......Z.#####........
#.........ZZ.ZZ@.......
#.........MZ∩ZZ........
#######################


You could see 2 mummies, an adder zombie, a goblin zombie, a hobgoblin zombie, a
gnoll zombie, 2 kobold zombies, a big kobold zombie and a human zombie.

Vanquished Creatures
  A worker ant (D:4)
  An adder (D:4)
  An ooze (D:1)
  An adder zombie (Ossuary)
  A giant gecko (D:2)
  An orc (D:4)
  A ball python (D:2)
  A giant cockroach (D:2)
  2 jackals (D:2)
  5 kobolds
  4 bats
  A giant newt (D:2)
  A kobold zombie (Ossuary)
  2 rats (D:2)
  2 fungi (D:2)
25 creatures vanquished.

Vanquished Creatures (others)
  A fungus (D:2)
1 creature vanquished.

Grand Total: 26 creatures vanquished

Notes
Turn   | Place    | Note
--------------------------------------------------------------
     0 | D:1      | M4edhros the Octopode Necromancer began the quest for the Orb.
     0 | D:1      | Reached XP level 1. HP: 11/11 MP: 3/3
    49 | D:1      | Reached skill level 1 in Unarmed Combat
    64 | D:1      | Reached XP level 2. HP: 12/17 MP: 1/5
    88 | D:2      | Found a faded altar to an unknown god.
   111 | D:2      | Became a worshipper of the Shining One
   111 | D:2      | Reached * piety under the Shining One
   407 | D:2      | Reached XP level 3. HP: 7/21 MP: 6/6
   446 | D:3      | Noticed Terence
   521 | D:4      | Reached XP level 4. HP: 21/27 MP: 7/7
   709 | D:4      | Found a sand-covered staircase.
   718 | Ossuary  | Entered an ossuary
   718 | Ossuary  | Reached ** piety under the Shining One
   744 | Ossuary  | Slain by a human zombie

Skill      XL: |  1  2  3 |
---------------+----------+-----
Unarmed Combat | 1 2 3 |  3.6
Dodging        | |  2.0
Stealth        | |  2.6
Spellcasting   | |  2.0
Necromancy     | |  4.0

Action                   |  1- 3 |  4- 6 || total
-------------------------+-------+-------++-------
Melee: Unarmed           |    60 |    12 ||    72
       Tentacles         |    11 |     3 ||    14
       Constrict         |    10 |     4 ||    14
Throw: Javelin           |     2 |       ||     2
 Cast: Pain              |     7 |       ||     7
Invok: Divine Shield     |       |     1 ||     1
  Use: Potion            |     1 |       ||     1
 Stab: Sleeping          |     1 |       ||     1
Armor: Skin              |    10 |       ||    10
Dodge: Dodged            |    21 |    12 ||    33
